 Dungeon Crawl Stone Soup version 0.24-a0-479-g9a978d2894 (webtiles) character file.

Game seed: 5995045658270985182

61131 Krouwed the Whirler (level 15, -6/108 HPs)
             Began as a Halfling Hunter on July 7, 2019.
             Was a High Priest of Okawaru.
             Killed by divine providence
             ... invoked by an orc priest
              (13 damage)
             ... on level 2 of the Orcish Mines.
             The game lasted 01:18:52 (25134 turns).

Krouwed the Whirler (Halfling Hunter)              Turns: 25134, Time: 01:18:53

Health: -6/108     AC: 23    Str: 17      XL:     15   Next: 40%
Magic:  31/31      EV: 14    Int:  9 (10) God:    Okawaru [*****.]
Gold:   1557       SH: 15    Dex: 19      Spells: 14/14 levels left

rFire    . . .     SeeInvis .   b - +4 short sword (venom)
rCold    . . .     Gourm    .   h - +1 shield
rNeg     + . .     Faith    +   K - +6 leather armour of Indemnity {rN+ MP+9 Stlth+}
rPois    .         Spirit   .   S - +2 hat "Fukhoot" {Dex+2}
rElec    .         Reflect  .   R - +0 cloak {+Inv}
rCorr    .         Harm     .   I - +2 pair of gloves
MR       +....                  q - +1 pair of boots
Stlth    +++.......             M - amulet of faith
HPRegen  0.28/turn              r - +5 ring of protection
MPRegen  0.22/turn              (no ring)

@: no status effects
A: small, mutation resistance 1
a: Heroism, Finesse, Renounce Religion, Evoke Invisibility


You were on level 2 of the Orcish Mines.
You worshipped Okawaru.
Okawaru was extremely pleased with you.
You were hungry.

You visited 4 branches of the dungeon, and saw 20 of its levels.

You collected 1557 gold pieces.

Inventory:

Hand Weapons
 a - a +4 fustibalus of freezing
 b - a +4 short sword of venom (weapon)
 O - a +4 short sword of freezing
Missiles
 c - 27 poisoned darts (quivered)
 e - 467 stones
 v - 11 curare-tipped darts
 y - 83 sling bullets
Armour
 h - a +1 shield (worn)
 q - a +1 pair of boots (worn)
 I - a +2 pair of gloves (worn)
 K - the +6 leather armour of Indemnity (worn) {rN+ MP+9 Stlth+}
   (You found it on level 6 of the Lair of Beasts)

   It protects you from negative energy.
   It affects your magic capacity (+9).
   It makes you more stealthy.
 N - +0 fire dragon scales
 R - a +0 cloak of invisibility (worn)
 S - the +2 hat "Fukhoot" (worn) {Dex+2}
   (You found it on level 6 of the Lair of Beasts)

   It affects your dexterity (+2).
Jewellery
 r - a +5 ring of protection (left hand)
 M - an amulet of faith (around neck)
 Q - an uncursed amulet of the gourmand {unknown}
Wands
 n - a wand of random effects (10)
 p - a wand of enslavement (10)
 w - a wand of flame (14)
 F - a wand of digging (11)
 G - a wand of paralysis (14)
 T - a wand of iceblast (10)
Scrolls
 g - a scroll of brand weapon
 o - 2 scrolls of enchant armour
 A - 4 scrolls of remove curse
 B - 2 scrolls of fog
 H - a scroll of amnesia
 J - a scroll of immolation
 L - a scroll of blinking {unknown}
Potions
 j - 5 potions of brilliance
 k - 10 potions of curing
 l - a potion of magic
 m - 7 potions of ambrosia
 s - 2 potions of lignification
 u - a potion of haste
 x - 3 potions of flight
 C - 2 potions of agility
 D - a potion of berserk rage {unknown}
 P - a potion of might {unknown}
Miscellaneous
 t - 2 phantom mirrors
Comestibles
 f - 26 rations
 z - 6 chunks of flesh


   Skills:
 + Level 11.8 Fighting
 - Level 12.0 Short Blades
 + Level 16.8 Slings
 + Level 6.2 Armour
 - Level 2.1 Dodging
 - Level 3.4 Stealth
 + Level 13.0 Shields
 + Level 10.3 Invocations


You had 14 spell levels left.
You didn't know any spells.
Your spell library contained the following spells:

 Spells                   Type           Power        Failure   Level  Hunger
 Flame Tongue             Conj/Fire      #....        69%         1    ##.....
 Shock                    Conj/Air       #...         69%         1    ##.....
 Passwall                 Tmut/Erth      #.......     83%         2    ###....
 Swiftness                Chrm/Air       #.......     83%         2    ###....
 Throw Flame              Conj/Fire      #.....       83%         2    ###....
 Conjure Flame            Conj/Fire      #.......     96%         3    ####...
 Inner Flame              Hex/Fire       #.......     96%         3    ####...
 Regeneration             Chrm/Necr      #.........   96%         3    ####...
 Static Discharge         Conj/Air       #.......     96%         3    ####...
 Stone Arrow              Conj/Erth      #.....       96%         3    ####...
 Vampiric Draining        Necr           #.........   96%         3    ####...
 Airstrike                Air            #.........   100%        4    #####..
 Sticky Flame             Conj/Fire      #.......     100%        4    #####..
 Fireball                 Conj/Fire      #.........   100%        5    ######.
 Lightning Bolt           Conj/Air       #.........   100%        5    ######.
 Death Channel            Necr           #.........   100%        6    #######


Dungeon Overview and Level Annotations

Branches:
Dungeon (11/15)            Temple (1/1) D:7            Lair (6/6) D:9
 Shoals (0/4) Lair:4       Spider (0/4) Lair:4        Slime (0/5) Lair:6
    Orc (2/2) D:9             Elf (0/3) Orc:2

Altars:
Ashenzari
Cheibriados
Dithmenos
Elyvilon
Fedhas
Gozag
Hepliaklqana
Kikubaaqudgha
Makhleb
Nemelex Xobeh
Okawaru
Qazlal
Ru
Sif Muna
Trog
Uskayaw
Vehumet
Wu Jian
Xom
Yredelemnul
Zin
The Shining One
Jiyva

Shops:
D:8 %

Portals:
Trove: D:11 (give +2 gold dragon scales)

Annotations:
D:6 2 transporters


Innate Abilities, Weirdness & Mutations

You are small and have problems with some larger weapons.
You are somewhat resistant to further mutation.


Message History

The orc wizard gestures at you while chanting.
The puff of frost hits you but does no damage.
You block something's attack.
As you read the scroll labeled YNEBOYWI HUOZU, it crumbles to dust.
You feel aware of your surroundings.
You sensed 4 shops/portals.
It was a scroll of magic mapping.
The orc priest invokes the aid of Beogh against you.
Beogh smites you!
* * * LOW HITPOINT WARNING * * *
The orc priest looks braver for a moment.
You block the orc warrior's attack. The orc wizard casts a spell at you.
You block the puff of frost. Something hits you but does no damage.
Unknown command.
As you read the scroll labeled IZEFETHELAW, it crumbles to dust.
The creatures around you are filled with an inner flame!
It was a scroll of immolation.
The orc priest invokes the aid of Beogh against you.
Beogh smites you!
You die...

##* ##.## #.{@## ##ooo#
##O##* #ooo,** ***
##*####(o..* **,**
##.**.*.o..** **,,,**
*...,.,.(.#*
*,,,,,***#..#.#)o## ******
**<,,,.###...#....##*.##.##


You could see 2 orc warriors, an ogre (inner flame), 3 orc priests, 2 orc
wizards and 2 orcs.

Vanquished Creatures
  An orc warlord (D:9)
  5 hydras
  4 catoblepae
  10 death yaks
  Erica (D:11)
  An orc high priest (Orc:2)
  4 two-headed ogres
  Sonja (Lair:2)
  An unseen horror (D:11)
  An orc knight (Orc:1)
  A lindwurm (Lair:2)
  2 ugly things (D:11)
  2 manticores (Lair:6)
  A mana viper (shapeshifter) (D:11)
  2 cyclopes (D:11)
  2 orc sorcerers (Orc:2)
  13 elephants
  A black mamba (Lair:6)
  Psyche (D:11)
  11 spiny frogs
  4 rime drakes
  4 komodo dragons
  A queen bee (D:9)
  2 jumping spiders (Lair:4)
  3 trolls
  19 blink frogs
  5 hippogriffs
  5 dream sheep (Lair:6)
  2 redbacks (Lair:4)
  46 yaks
  Eustachio (D:5)
  Grum (D:11)
  2 basilisks
  3 wyverns (D:11)
  2 hungry ghosts
  A warg (Orc:1)
  An acid dragon (D:11)
  Edmund (D:5)
  16 water moccasins
  8 porcupines
  15 orc warriors
  A sky beast (D:5)
  5 black bears
  An eye of draining (D:11)
  2 ice beasts
  13 wolves
  2 phantoms (D:5)
  5 ogres
  7 centaurs
  A big kobold (D:7)
  12 crocodiles
  Blork the orc (D:5)
  10 bullfrogs
  A gnoll sergeant (D:8)
  A wyvern skeleton (D:8)
  2 scorpions
  18 killer bees
  7 wights
  14 howler monkeys
  A bullfrog zombie (D:11)
  An electric eel (D:9)
  3 centaur zombies
  7 crimson imps
  5 hounds
  21 orc wizards
  3 centaur skeletons
  17 orc priests
  2 jellies
  Jessica (D:2)
  2 bullfrog skeletons
  2 iguanas (D:4)
  Natasha (thrice) (D:2)
  5 hell rats (Lair:6)
  7 worker ants
  2 worker ant zombies
  15 gnolls
  4 adders
  A shadow imp (D:5)
  2 oozes
  2 adder skeletons
  2 worms
  2 dart slugs
  6 leopard geckos
  62 orcs
  4 giant cockroaches
  7 goblins
  10 hobgoblins
  8 jackals
  8 quokkas
  2 ball pythons
  12 bats
  6 frilled lizards
  19 kobolds
  A leopard gecko zombie (D:6)
  2 quokka skeletons
  3 rats
  4 fungi (Lair:6)
  A plant (Lair:6)
575 creatures vanquished.

Vanquished Creatures (others)
  An orc wizard (D:11)
  15 fungi
  16 plants
32 creatures vanquished.

Grand Total: 607 creatures vanquished

Notes
Turn   | Place    | Note
-------+----------+-------------------------------------------
     0 | D:1      | Krouwed the Halfling Hunter began the quest for the Orb.
     0 | D:1      | Reached XP level 1. HP: 14/14 MP: 1/1
    10 | D:1      | You fall into a shaft and drop 1 floor!
    27 | D:2      | Noticed Natasha
    30 | D:2      | Noticed a crimson imp
    36 | D:1      | Reached skill level 6 in Slings
   120 | D:1      | Reached XP level 2. HP: 19/19 MP: 2/2
   344 | D:1      | Reached XP level 3. HP: 24/24 MP: 3/3
   918 | D:2      | Noticed Jessica
   929 | D:2      | Killed Jessica
   929 | D:2      | Reached XP level 4. HP: 30/30 MP: 4/4
  1548 | D:2      | Killed Natasha
  1548 | D:2      | Reached XP level 5. HP: 31/36 MP: 5/5
  1605 | D:2      | Noticed Natasha
  1982 | D:2      | Killed Natasha
  1982 | D:2      | Reached skill level 1 in Short Blades
  1982 | D:2      | Reached skill level 7 in Slings
  2003 | D:2      | Noticed Natasha
  2009 | D:2      | Killed Natasha
  2362 | D:3      | Reached XP level 6. HP: 42/42 MP: 6/6
  2580 | D:3      | Reached skill level 1 in Shields
  2714 | D:3      | Noticed an ogre
  2718 | D:3      | Killed an ogre
  2718 | D:3      | Reached skill level 8 in Slings
  2718 | D:3      | Reached XP level 7. HP: 46/46 MP: 7/7
  2773 | D:3      | Found a stormy altar of Qazlal.
  3687 | D:4      | Found a hazy altar of Hepliaklqana.
  3687 | D:4      | Found a snail-covered altar of Cheibriados.
  3692 | D:4      | Found a glowing golden altar of the Shining One.
  3694 | D:4      | Found a faded altar of an unknown god.
  3696 | D:4      | Found a faded altar of an unknown god.
  3808 | D:4      | :
  3862 | D:5      | Entered Level 5 of the Dungeon
  4009 | D:5      | Noticed Blork the orc
  4019 | D:5      | Killed Blork the orc
  4019 | D:5      | Reached skill level 9 in Slings
  4119 | D:5      | Noticed a yak
  4119 | D:5      | Noticed a yak
  4119 | D:5      | Noticed a yak
  4119 | D:5      | Noticed a yak
  4119 | D:5      | Noticed a yak
  4119 | D:5      | Noticed a yak
  4133 | D:5      | Killed a yak
  4133 | D:5      | Reached XP level 8. HP: 36/54 MP: 8/8
  4157 | D:5      | Killed a yak
  4157 | D:5      | Reached skill level 5 in Fighting
  4158 | D:5      | Killed a yak
  4158 | D:5      | Reached skill level 10 in Slings
  4426 | D:5      | Noticed Edmund
  4497 | D:5      | Killed Edmund
  4859 | D:5      | Noticed Eustachio
  4911 | D:5      | Killed Eustachio
  4911 | D:5      | Reached skill level 5 in Shields
  4911 | D:5      | Reached XP level 9. HP: 62/62 MP: 9/9
  5039 | D:5      | Found a sacrificial altar of Ru.
  5655 | D:5      | Reached skill level 11 in Slings
  6417 | D:6      | Found a transporter.
  6542 | D:6      | Found a transporter.
  6940 | D:7      | Found a staircase to the Ecumenical Temple.
  6956 | Temple   | Entered the Ecumenical Temple
  7260 | Temple   | Became a worshipper of Warmaster Okawaru
  7661 | D:7      | Reached XP level 10. HP: 69/69 MP: 10/10
  7731 | D:7      | Reached skill level 5 in Short Blades
  8436 | D:7      | Reached skill level 1 in Invocations
  8577 | D:8      | Found an opulent altar of Gozag.
  8586 | D:8      | Reached * piety under Okawaru
  8592 | D:8      | Reached skill level 12 in Slings
  8806 | D:8      | Found a burning altar of Makhleb.
  8883 | D:8      | Found a white marble altar of Elyvilon.
  9141 | D:8      | Found Sauroari's Food Boutique.
  9450 | D:9      | Found a staircase to the Lair.
 10006 | D:9      | Reached ** piety under Okawaru
 10191 | D:9      | Noticed a two-headed ogre
 10204 | D:9      | Killed a two-headed ogre
 10533 | D:9      | Reached XP level 11. HP: 77/77 MP: 14/14
 10625 | D:9      | Reached *** piety under Okawaru
 10701 | D:9      | Reached skill level 5 in Invocations
 11431 | D:9      | Found a staircase to the Orcish Mines.
 11504 | D:10     | Entered Level 10 of the Dungeon
 11546 | D:10     | Noticed a two-headed ogre
 11557 | D:10     | Killed a two-headed ogre
 11568 | D:10     | Received a gift from Okawaru
 11846 | D:10     | Noticed a two-headed ogre
 11854 | D:10     | Killed a two-headed ogre
 11854 | D:10     | Reached **** piety under Okawaru
 12249 | D:10     | Received a gift from Okawaru
 12745 | D:11     | Noticed a two-headed ogre
 12757 | D:11     | Killed a two-headed ogre
 12757 | D:11     | Reached ***** piety under Okawaru
 12757 | D:11     | Reached XP level 12. HP: 39/85 MP: 14/16
 12778 | D:11     | Killed an unseen horror
 12778 | D:11     | Reached skill level 13 in Slings
 13101 | D:11     | Received a gift from Okawaru
 13123 | D:11     | Noticed Grum
 13131 | D:11     | Reached skill level 10 in Shields
 13137 | D:11     | Killed Grum
 13497 | D:11     | Noticed an eight-headed hydra
 13504 | D:11     | Killed an eight-headed hydra
 13635 | D:11     | Noticed Psyche
 13647 | D:11     | Killed Psyche
 13686 | D:11     | Received a gift from Okawaru
 13686 | D:11     | Reached skill level 10 in Short Blades
 13910 | D:11     | Received a gift from Okawaru
 14074 | D:11     | Found a portal to a secret trove of treasure.
 14201 | D:11     | Received a gift from Okawaru
 14286 | D:11     | Noticed Erica
 14305 | D:11     | Killed Erica
 14305 | D:11     | Reached skill level 14 in Slings
 14737 | D:11     | Received a gift from Okawaru
 15116 | Lair:1   | Entered Level 1 of the Lair of Beasts
 15120 | Lair:1   | Noticed an eight-headed hydra
 15133 | Lair:1   | Killed an eight-headed hydra
 15133 | Lair:1   | Reached skill level 10 in Fighting
 15133 | Lair:1   | Reached XP level 13. HP: 40/92 MP: 14/18
 15642 | Lair:1   | Identified the Incunabulum of Sinister Earth
 16178 | Lair:2   | Received a gift from Okawaru
 16283 | Lair:2   | Noticed Sonja
 16294 | Lair:2   | Killed Sonja
 16294 | Lair:2   | Reached skill level 15 in Slings
 16763 | Lair:2   | Received a gift from Okawaru
 17518 | Lair:3   | Reached skill level 1 in Armour
 17798 | Lair:3   | Received a gift from Okawaru
 18707 | Lair:4   | Reached XP level 14. HP: 99/99 MP: 20/20
 18748 | Lair:4   | HP: 3/99 [catoblepas/blast of calcifying dust (11)]
 19318 | Lair:4   | Received a gift from Okawaru
 19402 | Lair:4   | Received a gift from Okawaru
 19434 | Lair:4   | Received a gift from Okawaru
 19561 | Lair:4   | Found a staircase to the Shoals.
 19678 | Lair:4   | Found a hole to the Spider Nest.
 20443 | Lair:5   | Reached ****** piety under Okawaru
 20658 | Lair:5   | Reached skill level 16 in Slings
 20992 | Lair:6   | Entered Level 6 of the Lair of Beasts
 21606 | Lair:6   | Found a staircase to the Slime Pits.
 21606 | Lair:6   | Found a viscous altar of Jiyva.
 21671 | Lair:6   | Got an ichor-stained hat
 21714 | Lair:6   | Identified the +2 hat "Fukhoot" {Dex+2} (You found it on
                  | level 6 of the Lair of Beasts)
 22091 | Lair:6   | Got a translucent leather armour
 22105 | Lair:6   | Received a gift from Okawaru
 22124 | Lair:6   | Reached skill level 5 in Armour
 22142 | Lair:6   | Identified the +6 leather armour of Indemnity {rN+ MP+9
                  | Stlth+} (You found it on level 6 of the Lair of Beasts)
 22373 | Lair:6   | Received a gift from Okawaru
 22695 | Lair:5   | Reached XP level 15. HP: 54/107 MP: 22/22
 23439 | Lair:6   | Received a gift from Okawaru
 23470 | Lair:6   | Reached skill level 10 in Invocations
 24197 | Orc:1    | Entered Level 1 of the Orcish Mines
 24208 | Orc:1    | Noticed an orc warlord
 24263 | D:9      | Killed an orc warlord
 24263 | D:9      | Received a gift from Okawaru
 24916 | Orc:2    | Entered Level 2 of the Orcish Mines
 25099 | Orc:2    | Received a gift from Okawaru
 25126 | Orc:2    | Paralysed by an orc sorcerer for 5 turns
 25134 | Orc:2    | Killed from afar by an orc priest

Levels and vault maps discovered:
D:1:      saegor_arrival_simple_a, layout_loops_ring, minmay_liquid_box
D:2:      layout_basic, uniq_jessica, uniq_natasha
D:3:      layout_basic, lemuel_doored_altar, first_ration
D:4:      layout_loops_ring, chequers_temple_overflow_minitemple,
          kennysheep_cross_bottleneck, due_unseen_surprise
D:5:      layout_basic, lemuel_statue_altar, uniq_blork_the_orc, uniq_eustachio,
          uniq_edmund
D:6:      gammafunk_cloud_chamber, layout_basic, minmay_tree_intersection,
          chequers_serial_rivers_micro_d
D:7:      layout_layer_cave, minmay_temple_entry_drinking_statues,
          serial_park_tiny_2
D:8:      layout_cave_pods, kennysheep_little_box, makhleb_heckhound_becter,
          serial_shops, shop, basic_altar
D:9:      layout_layer_cave, dpeg_oklobed_lair, erik_orc_2, david_nohive_1
D:10:     layout_irregular_city
D:11:     kennysheep_blocky_hall, layout_stronghold,
          nicolae_trove_entry_crystal, uniq_grum, uniq_psyche, uniq_erica
Temple:   minmay_temple_bridge_d
Lair:1:   layout_concentric_octagons, lemuel_fruit_fields
Lair:2:   wander_river, layout_misc_corridors, nicolae_volcano_entry_vermiform,
          grunt_megastairs_4, uniq_sonja
Lair:3:   layout_small_grid
Lair:4:   layout_regular_city, shoals_dummy_entry, spider_nest_entry_a,
          lemuel_fruit_tree, grunt_megastairs_5, serial_bayou_shore_b
Lair:5:   layout_regular_city
Lair:6:   evilmike_catoblepas_cave, layout_loops_ring, slime_altar_1
Orc:1:    layout_caves
Orc:2:    st_orc_mages, layout_caves

Skill      XL: |  1  2  3  4  5  6  7  8  9 10 11 12 13 14 15 |
---------------+----------------------------------------------+-----
Slings         | 6 7 8 9 10 11 12 14 15 16 | 16.8
Fighting       | 2 3 4 5 6 7 9 10 11 | 11.8
Stealth        | 2 3 |  3.4
Short Blades   | 1 2 4 7 9 10 11 12 | 12.0
Shields        | 1 3 5 6 8 9 10 12 13 | 13.0
Invocations    | 4 5 6 8 9 10 | 10.3
Armour         | 2 5 6 |  6.2
Dodging        | |  2.1

Action                   |  1- 3 |  4- 6 |  7- 9 | 10-12 | 13-15 || total
-------------------------+-------+-------+-------+-------+-------++-------
Melee: Short sword       |       |       |     7 |       |   322 ||   329
       Hunting sling     |       |       |     1 |     1 |       ||     2
       Rapier            |       |       |    28 |     8 |       ||    36
       Dagger            |       |       |       |    42 |       ||    42
 Fire: Hunting sling     |    76 |   126 |   388 |   987 |   905 ||  2482
       Fustibalus        |       |       |       |       |   174 ||   174
Throw: Dart              |       |       |    11 |       |       ||    11
Invok: Heroism           |       |       |       |     9 |    13 ||    22
       Finesse           |       |       |       |       |     5 ||     5
Evoke: Wand              |       |       |       |     1 |       ||     1
  Use: Scroll            |       |     9 |     4 |    16 |    19 ||    48
       Potion            |       |       |     1 |     6 |     1 ||     8
  Eat: Chunk             |       |     2 |     6 |    15 |    14 ||    37
       Ration            |       |     1 |     3 |     2 |     4 ||    10
Armor: Leather armour    |     7 |     5 |    59 |    62 |    73 ||   206
       Chain mail        |       |     1 |       |       |       ||     1
       Skin              |       |       |       |     2 |       ||     2
       Fire dragon scale |       |       |       |       |    92 ||    92
Dodge: Dodged            |    23 |    19 |    70 |   110 |   192 ||   414
Block: Shield            |       |     1 |    70 |   147 |   364 ||   582

Table legend:
 A = Non-vault XP
 B = Vault XP
 C = Vault XP percentage of total XP
 D = Non-vault monster count
 E = Vault monster count
 F = Vault count percentage of total count
                 A         B        C        D         E       F
            +---------+---------+-------+---------+---------+-------
      Total |   65688 |   21643 |  24.8 |     474 |      97 |  17.0
            +---------+---------+-------+---------+---------+-------
        D:1 |      65 |       0 |   0.0 |      28 |       0 |   0.0
        D:2 |      98 |      72 |  42.4 |      18 |       2 |  10.0
        D:3 |     308 |       0 |   0.0 |      31 |       0 |   0.0
        D:4 |     209 |       0 |   0.0 |      17 |       0 |   0.0
        D:5 |    1778 |     463 |  20.7 |      19 |       3 |  13.6
        D:6 |     262 |       0 |   0.0 |       9 |       0 |   0.0
        D:7 |    1068 |       0 |   0.0 |      29 |       0 |   0.0
        D:8 |    1327 |      42 |   3.1 |      33 |       1 |   2.9
        D:9 |    4797 |    1908 |  28.5 |      37 |      35 |  48.6
       D:10 |    4400 |       0 |   0.0 |      32 |       0 |   0.0
       D:11 |    9758 |    2066 |  17.5 |      61 |      10 |  14.1
     Lair:1 |    3716 |       0 |   0.0 |      17 |       0 |   0.0
     Lair:2 |    6068 |    1509 |  19.9 |      28 |       3 |   9.7
     Lair:3 |    7849 |       0 |   0.0 |      26 |       0 |   0.0
     Lair:4 |    7936 |    1579 |  16.6 |      19 |       6 |  24.0
     Lair:5 |    3321 |    2565 |  43.6 |      14 |       6 |  30.0
     Lair:6 |   10039 |    9613 |  48.9 |      39 |      17 |  30.4
      Orc:1 |    1398 |       0 |   0.0 |       6 |       0 |   0.0
      Orc:2 |    1291 |    1826 |  58.6 |      11 |      14 |  56.0
            +---------+---------+-------+---------+---------+-------
